 Dungeon Crawl Stone Soup version 0.27.1-33-g824d729ab1 (webtiles) character file.

Game seed: 14806224924032594560

107 ces the Ducker (level 5, -5/40 HPs)
             Began as a Djinni Gladiator on Dec 1, 2021.
             Slain by a gnoll (10 damage)
             ... on level 2 of the Dungeon.
             The game lasted 00:09:32 (2980 turns).

ces the Ducker (Djinni Gladiator)                   Turns: 2980, Time: 00:09:33

Health: -5/40      AC:  5    Str: 14    XL:     5   Next: 11%
Gold:   39         EV: 13    Int: 10    God:
                   SH:  0    Dex: 14

rFire    + + .     SeeInvis +   a - +0 long sword
rCold    x . .     Faith    .   (no shield)
rNeg     . . .     Spirit   .   b - +1 leather armour
rPois    ∞         Reflect  .   c - +0 helmet
rElec    .         Harm     .   (no cloak)
rCorr    .         Rampage  .   (no gloves)
Will     .....                  (boots unavailable)
Stlth    +.........             (no amulet)
HPRegen  0.13/turn              j - ring of see invisible
MPRegen  0.00/turn              (no ring)

@: flying, very slightly contaminated
A: sickness immunity, fire resistance 2, cold vulnerability 1, float, innate
caster, hp casting, extra vitality 1
a: no special abilities


You were on level 2 of the Dungeon.
You visited 1 branch of the dungeon, and saw 3 of its levels.

You collected 39 gold pieces.

Inventory:

Hand Weapons
 a - a +0 long sword (weapon)
Missiles
 i - 30 bolts
Armour
 b - a +1 leather armour (worn)
 c - a +0 helmet (worn)
Jewellery
 j - a ring of see invisible (left hand)
Scrolls
 f - a scroll of identify


   Skills:
 + Level 2.9 Fighting
 * Level 3.3 Long Blades
 - Level 1.5 Throwing
 + Level 1.7 Armour
 + Level 4.0 Dodging
 - Level 0.5 Spellcasting


You had 2 spell levels left.
You knew the following spells:

 Your Spells              Type           Power      Damage    Failure   Level
a - Sting                 Tmut/Pois      4%         1d3       36%         1
b - Call Imp              Summ           1%         N/A       50%         2
Your spell library was empty.

Dungeon Overview and Level Annotations

Branches:
Dungeon (3/15)

Altars:
Sif Muna


Innate Abilities, Weirdness & Mutations

You are immune to sickness and miasma.
You are immune to poison.
Your flesh is very heat resistant. (rF++)
You are vulnerable to cold. (rC-)
You float through the air rather than walking.
You learn spells naturally, not from books.
Your magical power is your life essence.
You have superior vitality. (+4 HP)


Message History

Confirm with . or Enter, or press ? or * to list all spells.
Aiming: Sting (safe; 36% risk of failure)
Press: ? - help, Shift-Dir - straight line, f/p - gnoll
Aim: a gnoll, wielding a +2 flail of protection (lightly wounded, poisoned, 69% to hit)
You miscast Sting.
You are very lightly contaminated with residual magic.
Nothing appears to happen.
The gnoll barely misses you.
Casting: Sting (safe; 36% risk of failure)
Confirm with . or Enter, or press ? or * to list all spells.
Aiming: Sting (safe; 36% risk of failure)
Press: ? - help, Shift-Dir - straight line, f/p - gnoll
Aim: a gnoll, wielding a +2 flail of protection (heavily wounded, poisoned, 69% to hit)
You miscast Sting.
Nothing appears to happen.
The gnoll looks more healthy.
The gnoll barely misses you.
You hit the gnoll but do no damage.
The gnoll is heavily wounded.
The gnoll hits you with a +2 flail of protection! x2
* * * LOW HITPOINT WARNING * * *
You hit the gnoll.
The gnoll is severely wounded.
The gnoll barely misses you.
You hit the gnoll but do no damage.
The gnoll is severely wounded.
The gnoll hits you with a +2 flail of protection.
* * * LOW HITPOINT WARNING * * *
The gnoll hits you with a +2 flail of protection.
* * * LOW HITPOINT WARNING * * *
Your magical contamination has completely faded away.
You aren't carrying any potions.
Casting: Sting (safe; 36% risk of failure)
Confirm with . or Enter, or press ? or * to list all spells.
Aiming: Sting (safe; 36% risk of failure)
Press: ? - help, Shift-Dir - straight line, f/p - gnoll
Aim: a gnoll, wielding a +2 flail of protection (severely wounded, 69% to hit)
You miscast Sting.
You are very lightly contaminated with residual magic.
Nothing appears to happen.
* * * LOW HITPOINT WARNING * * *
The gnoll hits you with a +2 flail of protection!
You die...

##.._...## #.#
#........## #.#
.........#..# #<#
##.##.##....# #.# #.
#.###.#.# #.# . #.
#.#.# #.# #.###.#.#
#.# #.......####.#
##### #....)@g.....#
#.#.# ##.#####.#####
?#.## #.# #.# ..#.#
#.# ##.## #.J##
####.####.#.#########
##..#
#........###........#
##.#
#.#####.#.#.#######.#
##..#####.# #.##.##
#># #..##.....#
#....# #.#


You could see a gnoll.

Vanquished Creatures
  3 gnolls (D:2)
  3 adders
  2 worms (D:2)
  3 ball pythons
  3 bats (D:1)
  5 endoplasms
  2 giant cockroaches
  5 goblins
  6 hobgoblins
  2 jackals (D:1)
  2 quokkas (D:1)
  2 frilled lizards
  3 kobolds
  3 rats (D:2)
44 creatures vanquished.

Notes
Turn   | Place    | Note
-------+----------+-------------------------------------------
     0 | D:1      | ces the Djinni Gladiator began the quest for the Orb.
     0 | D:1      | Reached XP level 1. HP: 18/18 MP: 0/0
   405 | D:1      | Reached XP level 2. HP: 23/23 MP: 0/0
   918 | D:1      | Reached XP level 3. HP: 29/29 MP: 0/0
   918 | D:1      | Learned a level 1 spell: Sting
   947 | D:1      | Reached skill level 1 in Armour
  1819 | D:3      | Reached XP level 4. HP: 14/34 MP: 0/0
  2100 | D:2      | Reached skill level 4 in Dodging
  2496 | D:2      | Reached XP level 5. HP: 13/40 MP: 0/0
  2496 | D:2      | Learned a level 2 spell: Call Imp
  2980 | D:2      | Slain by a gnoll

Illustrated notes

Levels and vault maps discovered:
D:1:      wander_arrival_estate, layout_loops_ring, serial_bayou_pond_e
D:2:      minmay_diamond_boxcup, layout_loops_ring, basic_altar
D:3:      layout_rooms, nicolae_overflow_hidden_temple,
          gammafunk_ghost_stat_death, ebering_ecumenical_altar_rust

Skill      XL: |  1  2  3  4 |
---------------+-------------+-----
Long Blades    | 3 |  3.3
Armour         | 1 |  1.7
Dodging        | 4 |  4.0
Fighting       | |  2.9
Throwing       | |  1.5
Spellcasting   | |  0.5

Action                   |  1- 3 |  4- 6 || total
-------------------------+-------+-------++-------
Melee: Long sword        |    82 |    38 ||   120
Throw: Throwing net      |     4 |       ||     4
 Cast: Sting             |    17 |    13 ||    30
  Use: Potion            |       |     4 ||     4
       Scroll            |       |     2 ||     2
Armor: Leather armour    |    33 |    10 ||    43
Dodge: Dodged            |    60 |    47 ||   107
       Rpst.: Long sword |    21 |    15 ||    36
